 Dungeon Crawl Stone Soup version 0.20-a0-705-gbe8799e (webtiles) character file.

62 M4edhros the Sneak (level 4, -8/28 HPs)
             Began as an Octopode Artificer on Feb 21, 2017.
             Mangled by Sigmund
             ... wielding a +0 scythe
              (14 damage)
             ... on level 4 of the Dungeon.
             The game lasted 00:02:08 (1099 turns).

M4edhros the Sneak (Octopode Artificer)             Turns: 1099, Time: 00:02:09

Health: -8/28      AC:  5    Str: 11    XL:     4   Next: 8%
Magic:  6/6        EV: 13    Int: 13    God:
Gold:   48         SH:  0    Dex: 13    Spells: 3/3 levels left

rFire    . . .     SeeInvis .   a - +1 short sword
rCold    . . .     Gourm    .   (no shield)
rNeg     . . .     Faith    .   (helmet restricted)
rPois    .         Spirit   .   (no amulet)
rElec    .         Reflect  .   h - ring of flight
rCorr    .         Harm     .   m - +4 ring of protection
MR       .....                  (no ring)
Stlth    ++++......             (no ring)
Regen    0.1/turn               (no ring)
MPRegen  0.1/turn               (no ring)
                                (no ring)
                                (no ring)

@: no status effects
A: almost no armour, stealthy swim, amphibious, 8 rings, constrict 8, camouflage
1, gelatinous body 1
a: Evoke Flight


You were on level 4 of the Dungeon.
You were hungry.

You visited 1 branch of the dungeon, and saw 4 of its levels.

You collected 48 gold pieces.

Inventory:

Hand Weapons
 a - a +1 short sword (weapon)
 n - a +0 hunting sling
Missiles
 k - 94 stones (quivered)
Jewellery
 h - a ring of flight (left tentacle)
 m - a +4 ring of protection (right tentacle)
Wands
 b - a wand of flame (15/48)
 c - a wand of enslavement (14/24)
 d - a wand of random effects (15/48)
Scrolls
 q - a scroll of identify
Potions
 e - a potion of cancellation {unknown}
 i - a potion of might {unknown}
 j - a potion of lignification {unknown}
 l - 2 potions of curing {unknown}
Comestibles
 f - 3 bread rations
 g - 6 fruits
 o - a meat ration
 p - 2 royal jellies


   Skills:
 - Level 1.0 Fighting
 - Level 1.0 Short Blades
 - Level 2.0 Dodging
 + Level 5.5 Stealth
 - Level 3.2 Evocations


You had 3 spell levels left.
You didn't know any spells.

Dungeon Overview and Level Annotations

Branches:
Dungeon (4/15)
 Temple: D:4-7

Altars:
Ieoh Jian
Kikubaaqudgha
Nemelex Xobeh

Annotations:
D:3 Grinder
D:4 Banto's ghost, novice HuSk; Sigmund


Innate Abilities, Weirdness & Mutations

You cannot wear most types of armour.
You are very stealthy in the water. (Stealth+)
You are amphibious.
You can wear up to eight rings at the same time.
You can use your tentacles to constrict eight enemies at once.
Your skin changes colour to match your surroundings (Stealth+).
Your rubbery body absorbs attacks. (AC +1, EV +1)


Message History

Sigmund the Dreaded comes into view.
He is wielding a scythe.
Sigmund misses you.
You closely miss Sigmund. You grab Sigmund. You squeeze Sigmund!
Sigmund is moderately wounded.
You constrict Sigmund. Sigmund barely misses you.
You hit Sigmund.
Sigmund is heavily wounded.
You constrict Sigmund. You hit Sigmund but do no damage.
Your squeeze misses Sigmund.
Sigmund is heavily wounded.
You constrict Sigmund. Sigmund hits you with a scythe!
* * * LOW HITPOINT WARNING * * *
You hit Sigmund.
Sigmund is severely wounded.
You constrict Sigmund.
Sigmund drinks a potion.
Sigmund is healed!
You hit Sigmund.
Sigmund is lightly wounded.
You constrict Sigmund. Sigmund hits you with a scythe!
Ouch! That really hurt!
You die...

#. #..##.... #.
#..##..# ###### #.
#..##.a###.....
#.##..?....#...####
#.#..####..........
#...## ####.?..###
#..#####8###...###
#..#..@#_≈≈##....#
#....@##.W≈≈##...#
#...####...≈≈#...#
#..## #8_....+..##
#... ##...≈≈#.##
##.. #..≈≈##.# #.#
#_≈≈##..# #.#
#8###..########
#..# # #...........
# (##
#...##########


You could see Sigmund.

Vanquished Creatures
  2 adders (D:2)
  A worm (D:3)
  2 dart slugs (D:1)
  A ball python (D:1)
  A bat (D:1)
  3 giant cockroaches (D:1)
  6 goblins
  3 hobgoblins
  4 kobolds
  2 quokkas
  2 frilled lizards (D:1)
  10 rats
37 creatures vanquished.

Notes
Turn   | Place    | Note
-------+----------+-------------------------------------------
     0 | D:1      | M4edhros the Octopode Artificer began the quest for the Orb.
     0 | D:1      | Reached XP level 1. HP: 13/13 MP: 3/3
    34 | D:1      | Reached skill level 2 in Stealth
   138 | D:1      | Reached XP level 2. HP: 15/18 MP: 4/4
   139 | D:1      | Reached skill level 3 in Stealth
   296 | D:2      | Reached skill level 4 in Stealth
   296 | D:2      | Reached XP level 3. HP: 15/23 MP: 5/5
   610 | D:1      | Reached skill level 5 in Stealth
   778 | D:3      | Reached XP level 4. HP: 28/28 MP: 6/6
   926 | D:3      | Noticed Grinder
   986 | D:4      | Noticed Banto's ghost (novice HuSk)
  1065 | D:4      | Noticed a phantom
  1071 | D:4      | Found an ancient bone altar of Kikubaaqudgha.
  1071 | D:4      | Found a sparkling altar of Nemelex Xobeh.
  1072 | D:4      | Found an ornate altar of the Ieoh Jian Council.
  1092 | D:4      | Noticed Sigmund
  1099 | D:4      | Mangled by Sigmund

Vault maps used:
D:1:      dpeg_arrival_orchard, minivault_23, minmay_stone_trees_small,
          minmay_bisected
D:2:      tgw_xom
D:3:      nemelex_xobeh_ov_fountains_minmay, uniq_grinder, uniq_terence
D:4:      grunt_temple_overflow_holy_war, gammafunk_temple_overflow_claw,
          uniq_pikel, uniq_sigmund

Skill      XL: |  1  2  3 |
---------------+----------+-----
Stealth        | 2 4 5 |  5.5
Fighting       | |  1.0
Short Blades   | |  1.0
Dodging        | |  2.0
Evocations     | |  3.2

Action                   |  1- 3 |  4- 6 || total
-------------------------+-------+-------++-------
Melee: Short sword       |    64 |    18 ||    82
       Tentacles         |    15 |     2 ||    17
       Constrict         |    24 |     2 ||    26
Evoke: Wand              |       |     1 ||     1
  Use: Scroll            |     5 |       ||     5
 Stab: Sleeping          |     5 |     2 ||     7
Armor: Skin              |    11 |     6 ||    17
Dodge: Dodged            |    53 |     8 ||    61
